 Dungeon Crawl Stone Soup version 0.20.1-1-g8b1a95d (webtiles) character file.

1279 digijack the Gusty (level 8, 0/41 HPs)
             Began as a Tengu Air Elementalist on Dec 10, 2017.
             Was an Elder of Zin.
             Slain by an adder (4 damage)
             ... on level 6 of the Dungeon on Dec 13, 2017.
             The game lasted 00:38:05 (6314 turns).

digijack the Gusty (Tengu Air Elementalist)         Turns: 6314, Time: 00:38:06

Health: 0/41       AC:  4    Str: 11    XL:     8   Next: 54%
Magic:  12/15      EV: 14    Int: 17    God:    Zin [****..]
Gold:   56         SH:  0    Dex: 13    Spells: 7/15 levels left

rFire    . . .     SeeInvis .   t - +2 war axe (freeze)
rCold    . . .     Gourm    .   (no shield)
rNeg     . . .     Faith    .   a - +1 robe
rPois    .         Spirit   .   (helmet restricted)
rElec    .         Reflect  .   u - +0 cloak
rCorr    .         Harm     +   (no gloves)
MR       .....     Clarity  +   (boots unavailable)
Stlth    +++.......             n - amulet of harm
Regen    0.2/turn               (no ring)
MPRegen  0.2/turn               (no ring)

@: no status effects
A: beak, talons 3, clarity, clumsy 1, strong 1, able to fly 1
a: Fly, Recite, Vitalisation, Imprison, Donate Gold, Renounce Religion


You were on level 6 of the Dungeon.
You worshipped Zin.
Zin was greatly pleased with you.
You were hungry.

You visited 1 branch of the dungeon, and saw 6 of its levels.

You collected 446 gold pieces.
You donated 390 gold pieces to Zin.

Inventory:

Hand Weapons
 t - a +2 war axe of freezing (weapon)
Armour
 a - a +1 robe (worn)
 u - a +0 cloak (worn)
Jewellery
 n - an amulet of harm (around neck)
Scrolls
 d - 4 scrolls of remove curse
 e - 7 scrolls of identify
 h - a scroll of enchant armour
 j - a scroll of amnesia
 q - a scroll of teleportation
Potions
 i - 2 potions of haste
 k - a potion of heal wounds
 l - a potion of berserk rage
 m - a potion of invisibility
 p - 3 potions of curing
 r - a potion of agility
 s - a potion of cancellation
 v - 2 potions of magic {unknown}
Books
 b - a book of Air

   Spells                             Type                      Level
   a - Shock                          Conjuration/Air              1
   b - Swiftness                      Charms/Air                   2
   c - Static Discharge               Conjuration/Air              3
   d - Airstrike                      Air                          4
   e - Lightning Bolt                 Conjuration/Air              5
Comestibles
 c - 7 bread rations
 f - 7 meat rations
 g - a royal jelly
 o - 9 fruits


   Skills:
 + Level 0.7 Axes
 + Level 4.5 Dodging
 + Level 5.0 Stealth
 - Level 3.8 Unarmed Combat
 + Level 4.0 Spellcasting
 + Level 5.7 Conjurations
 + Level 6.9 Air Magic


You had 7 spell levels left.
You knew the following spells:

 Your Spells              Type           Power        Failure   Level  Hunger
a - Shock                 Conj/Air       ####         1%          1    None
b - Static Discharge      Conj/Air       ####....     3%          3    ###....
c - Airstrike             Air            ####......   9%          4    ####...


Dungeon Overview and Level Annotations

Branches:
Dungeon (6/15)             Temple (0/1) D:5

Altars:
Nemelex Xobeh
Zin

Annotations:
D:6 Pikel


Innate Abilities, Weirdness & Mutations

You have a beak for a mouth.
You have claws for feet.
You can fly.
You possess an exceptional clarity of mind.
You are clumsy. (Dex -2)
Your muscles are strong. (Str +2)


Message History

Pikel hits you with a whip of freezing.
* * * LOW HITPOINT WARNING * * *
Pikel freezes you.
* * * LOW HITPOINT WARNING * * *
The slave closely misses you. The slave hits you.
* * * LOW HITPOINT WARNING * * *
The slave is no longer dazed.
The slave hits you. Zin protects you from harm!
The slave is lost in a daze.
You are feeling hungry.
You are ready to recite again.
The slave is lost in a daze.
The slave is lost in a daze.
Found a robe.
The teleport trap disappears.
The slave disappears!
The adder bites you. Zin protects you from harm!
The slave is lost in a daze.
The slave is lost in a daze.
The adder bites you.
You die...

.........p...........#
[............####....###
.............# ##)....#
..........o..####..###.#
........pK......)...##.###
..........p.##..###.....!##
.....#.....###..## ####....
######....S#.....## ##....
#####@#.###..####.....
#..................
.......####.####....
.....###..# #.########
##.### #.###...###### ...
#............# ###
##...........#
##..........# ############


You could see Pikel, 2 slaves, an adder and an orc.

Vanquished Creatures
  Sigmund (D:3)
  2 ogres
  A phantom (D:5)
  A gnoll sergeant (D:5)
  2 bullfrogs
  2 orc priests
  A hound (D:4)
  2 orc wizards
  Natasha (thrice) (D:2)
  5 worker ants
  2 hound skeletons
  9 adders
  10 gnolls
  A shadow imp (D:5)
  An ooze (D:1)
  9 dart slugs (D:3)
  6 leopard geckos
  11 orcs
  6 giant cockroaches
  4 goblins
  10 hobgoblins
  3 jackals (D:3)
  10 kobolds
  3 quokkas
  6 bats
  3 frilled lizards
  2 leopard gecko skeletons (D:4)
  A quokka skeleton (D:4)
  9 rats
126 creatures vanquished.

Notes
Turn   | Place    | Note
-------+----------+-------------------------------------------
     0 | D:1      | digijack the Tengu Air Elementalist began the quest for the Orb.
     0 | D:1      | Reached XP level 1. HP: 10/10 MP: 4/4
    31 | D:1      | Found a sparkling altar of Nemelex Xobeh.
    81 | D:1      | Reached XP level 2. HP: 11/15 MP: 0/6
   679 | D:2      | Reached XP level 3. HP: 13/19 MP: 0/7
  1015 | D:2      | Gained mutation: You are clumsy. (Dex -2) [potion of mutation]
  1015 | D:2      | Gained mutation: You tend to lose your temper in combat. [potion of mutation]
  1015 | D:2      | Lost mutation: You tend to lose your temper in combat. [potion of mutation]
  1015 | D:2      | Gained mutation: You are partially covered in icy blue scales. (AC +2) [potion of mutation]
  1016 | D:2      | Lost mutation: You are clumsy. (Dex -2) [potion of mutation]
  1016 | D:2      | Lost mutation: You are partially covered in icy blue scales. (AC +2) [potion of mutation]
  1016 | D:2      | Gained mutation: You are somewhat resistant to further mutation. [potion of mutation]
  1016 | D:2      | Gained mutation: You are weak. (Str -2) [potion of mutation]
  1016 | D:2      | Gained mutation: You are clumsy. (Dex -2) [potion of mutation]
  1325 | D:2      | Noticed Natasha
  1329 | D:2      | Killed Natasha
  1329 | D:2      | Reached XP level 4. HP: 24/24 MP: 3/8
  1485 | D:2      | HP: 1/24 [gnoll/halberd (10)]
  1656 | D:2      | Gained mutation: You can fly. [Tengu growth]
  1656 | D:2      | Reached XP level 5. HP: 18/28 MP: 1/9
  1890 | D:2      | Noticed Natasha
  1896 | D:2      | Killed Natasha
  1896 | D:2      | Reached skill level 1 in Unarmed Combat
  2041 | D:2      | Reached skill level 5 in Air Magic
  2369 | D:2      | Noticed Natasha
  2375 | D:2      | Killed Natasha
  2484 | D:3      | Learned a level 3 spell: Static Discharge
  2489 | D:3      | Learned a level 4 spell: Airstrike
  2634 | D:3      | Reached XP level 6. HP: 32/32 MP: 8/11
  2961 | D:3      | Noticed Sigmund
  3060 | D:3      | Killed Sigmund
  3082 | D:3      | HP: 1/32 [hobgoblin (5)]
  3266 | D:3      | Reached XP level 7. HP: 19/36 MP: 9/12
  3772 | D:3      | Found a glowing silver altar of Zin.
  3784 | D:3      | Became a worshipper of Zin the Law-Giver
  3784 | D:3      | Reached * piety under Zin
  3945 | D:3      | Lost mutation: You are weak. (Str -2) [potion of mutation]
  3945 | D:3      | Lost mutation: You are clumsy. (Dex -2) [potion of mutation]
  3945 | D:3      | Lost mutation: You are somewhat resistant to further mutation. [potion of mutation]
  3945 | D:3      | Gained mutation: You are clumsy. (Dex -2) [potion of mutation]
  3945 | D:3      | Gained mutation: Your muscles are strong. (Str +2) [potion of mutation]
  3945 | D:3      | Gained mutation: You possess an exceptional clarity of mind. [potion of mutation]
  4689 | D:4      | Reached skill level 6 in Air Magic
  4694 | D:4      | Donated 107 gold pieces to Zin
  4695 | D:4      | Donated 54 gold pieces to Zin
  4831 | D:4      | Reached ** piety under Zin
  5395 | D:5      | Entered Level 5 of the Dungeon
  5417 | D:5      | Found a staircase to the Ecumenical Temple.
  5494 | D:5      | Reached *** piety under Zin
  5540 | D:5      | Reached XP level 8. HP: 35/41 MP: 7/14
  5542 | D:5      | Reached skill level 5 in Conjurations
  5861 | D:5      | Donated 106 gold pieces to Zin
  5862 | D:5      | Donated 53 gold pieces to Zin
  5863 | D:5      | Donated 26 gold pieces to Zin
  5883 | D:5      | Reached **** piety under Zin
  5935 | D:5      | Reached skill level 5 in Stealth
  6272 | D:6      | Noticed Pikel
  6300 | D:6      | HP: 2/41 [slave[Pikel] (2)]
  6301 | D:6      | Zin protects you from harm!
  6311 | D:6      | Zin protects you from harm!
  6314 | D:6      | Slain by an adder

Skill      XL: |  1  2  3  4  5  6  7  8 |
---------------+-------------------------+-----
Conjurations   | 2 3 4 5 |  5.7
Stealth        | 3 4 5 |  5.0
Dodging        | 3 4 |  4.5
Unarmed Combat | 1 2 3 |  3.8
Air Magic      | 5 6 |  6.9
Spellcasting   | 3 4 |  4.0
Axes           | |  0.7

Action                   |  1- 3 |  4- 6 |  7- 9 || total
-------------------------+-------+-------+-------++-------
Melee: Unarmed           |     1 |     5 |       ||     6
       Kick              |       |     2 |       ||     2
       Peck              |       |     1 |       ||     1
       Scythe            |       |       |     3 ||     3
 Cast: Shock             |    59 |   120 |   162 ||   341
       Airstrike         |       |     2 |       ||     2
       Static Discharge  |       |     1 |     3 ||     4
Invok: Donate Gold       |       |       |     5 ||     5
       Recite            |       |       |     6 ||     6
 Abil: Fly               |       |       |     1 ||     1
  Use: Scroll            |     7 |       |     1 ||     8
       Potion            |     7 |     4 |     5 ||    16
  Eat: Chunk             |     2 |     3 |     8 ||    13
       Bread ration      |       |     1 |       ||     1
       Fruit             |       |       |     1 ||     1
Armor: Robe              |     1 |     1 |     8 ||    10
Dodge: Dodged            |    18 |    20 |    40 ||    78
